 Dungeon Crawl Stone Soup version 0.23-b1-13-gf37ab262a9 (webtiles) character file.

Game seed: 313563809704260068

136921 Peloso the Peltast (level 16, -8/223 HPs)
             Began as a Minotaur Fighter on Feb 3, 2019.
             Was the Champion of Okawaru.
             Mangled by a redback (10 damage)
             ... on level 1 of the Spider Nest.
             The game lasted 01:27:23 (34255 turns).

Peloso the Peltast (Minotaur Fighter)              Turns: 34255, Time: 01:27:23

Health: -8/223     AC: 18    Str: 30    XL:     16   Next: 67%
Magic:  17/17      EV: 14    Int:  8    God:    Okawaru [******]
Gold:   1679       SH: 17    Dex: 19    Spells: 15/15 levels left

rFire    . . .     SeeInvis .   a - +7 long sword of Discomfort {drain, rElec}
rCold    + . .     Gourm    .   c - +0 shield
rNeg     + + +     Faith    .   p - +3 plate armour {rC+}
rPois    +         Spirit   .   T - +2 hat {Int+3}
rElec    +         Reflect  .   A - +0 cloak {rPois}
rCorr    .         Harm     .   (no gloves)
MR       +....                  o - +1 pair of boots {Stlth+}
Stlth    ..........             (no amulet)
HPRegen  0.47/turn              X - +4 ring of strength
MPRegen  0.15/turn              R - ring "Johesagg" {rElec rPois rN+++ Str-4 Dex+6}

@: berserking, marked, corroded, very slightly contaminated, hasted, very quick
A: retaliatory headbutt, horns 2
a: Heroism, Finesse, Renounce Religion


You were on level 1 of the Spider Nest.
You worshipped Okawaru.
Okawaru was exalted by your worship.
You were not hungry.

You visited 6 branches of the dungeon, and saw 28 of its levels.

You collected 2672 gold pieces.
You spent 993 gold pieces at shops.

Inventory:

Hand Weapons
 a - the +7 long sword of Discomfort (weapon) {drain, rElec}
   (You found it on level 2 of the Lair of Beasts)

   A truly terrible weapon, it drains the life of those it strikes.
   It insulates you from electricity.
 m - the +1 double sword "Plog" {flame, *Drain MP+9 Dex+3 SInv}
   (Okawaru gifted it to you on level 14 of the Dungeon)

   It has been specially enchanted to burn those struck by it, causing extra
   injury to most foes and up to half again as much damage against particularly
   susceptible opponents.
   Big, fiery blades are also staple armaments of hydra-hunters.
   It affects your dexterity (+3).
   It affects your magic capacity (+9).
   It lets you see invisible.
   It causes draining when unequipped.
 s - a +1 double sword of slicing
 N - a +2 hand axe of flaming
Armour
 b - a +0 scale mail
 c - a +0 shield (worn)
 d - the +1 plate armour "Muorif" {+Blink Int+5}
   (Okawaru gifted it to you on level 2 of the Orcish Mines)

   It affects your intelligence (+5).
   It lets you blink.
 o - a +1 pair of boots of stealth (worn)
 p - a +3 plate armour of cold resistance (worn)
 r - a scarf of repulsion
 A - a +0 cloak of poison resistance (worn)
 D - +0 swamp dragon scales
 H - a scarf of spirit shield
 T - a +2 hat of intelligence (worn)
Jewellery
 e - an uncursed ring of resist corrosion
 g - an uncursed ring of see invisible
 n - an uncursed ring of ice
 R - the ring "Johesagg" (right hand) {rElec rPois rN+++ Str-4 Dex+6}
   (You found it on level 2 of the Lair of Beasts)

   [ring of dexterity]

   It affects your strength (-4).
   It affects your dexterity (+6).
   It insulates you from electricity.
   It protects you from poison.
   It renders you almost immune to negative energy.
 X - a +4 ring of strength (left hand)
Wands
 C - a wand of paralysis (15)
 F - a wand of polymorph (8)
 L - a wand of flame (3)
Scrolls
 h - 10 scrolls of teleportation
 j - a scroll of amnesia
 k - 2 scrolls of enchant armour
 u - 2 scrolls of magic mapping
 v - 3 scrolls of noise
 w - a scroll of holy word
 x - a scroll of fog
 y - 4 scrolls of identify
 I - 8 scrolls of remove curse
 O - 2 scrolls of acquirement
 V - 3 scrolls of enchant weapon
Potions
 i - 2 potions of berserk rage
 l - 9 potions of curing
 q - 4 potions of resistance
 z - 2 potions of haste
 B - 5 potions of degeneration
 E - 2 potions of mutation
 G - 3 potions of might
 J - 2 potions of flight
 K - a potion of invisibility
 P - 7 potions of agility
Comestibles
 f - 48 rations
 M - 4 chunks of flesh


   Skills:
 + Level 15.4 Fighting
 + Level 17.0 Long Blades
 + Level 4.8 Axes
 + Level 15.3 Armour
 + Level 8.4 Dodging
 + Level 2.6 Stealth
 + Level 19.2 Shields
 + Level 2.8 Invocations
 + Level 1.4 Evocations


You had 15 spell levels left.
You didn't know any spells.
Your spell library contained the following spells:

 Spells                   Type           Power        Failure   Level  Hunger
 Corona                   Hex            #......      93%         1    ##.....
 Magic Dart               Conj           #...         93%         1    ##.....
 Sting                    Conj/Pois      #...         93%         1    ##.....
 Summon Small Mammal      Summ           #...         93%         1    ##.....
 Blink                    Tloc           N/A          98%         2    ###....
 Call Imp                 Summ           #.......     98%         2    ###....
 Ensorcelled Hibernation  Hex/Ice        #.....       98%         2    ###....
 Passwall                 Tmut/Erth      #.......     98%         2    ###....
 Poisonous Vapours        Pois/Air       #.....       98%         2    ###....
 Slow                     Hex            #.......     98%         2    ###....
 Sticks to Snakes         Tmut           #.......     98%         2    ###....
 Call Canine Familiar     Summ           #.......     100%        3    ####...
 Confuse                  Hex            #.......     100%        3    ####...
 Conjure Flame            Conj/Fire      #.......     100%        3    ####...
 Dazzling Spray           Conj/Hex       #.....       100%        3    ####...
 Mephitic Cloud           Conj/Pois/Air  #.......     100%        3    ####...
 Static Discharge         Conj/Air       #.......     100%        3    ####...
 Summon Guardian Golem    Hex/Summ       #.......     100%        3    ####...
 Tukima's Dance           Hex            #.......     100%        3    ####...
 Olgreb's Toxic Radiance  Pois           #.......     100%        4    #####..
 Summon Ice Beast         Ice/Summ       #.......     100%        4    #####..
 Summon Lightning Spire   Summ/Air       #.......     100%        4    #####..
 Irradiate                Conj/Tmut      #.........   100%        5    ######.
 Lightning Bolt           Conj/Air       #.........   100%        5    ######.
 Silence                  Hex/Air        #.........   100%        5    ######.
 Venom Bolt               Conj/Pois      #.........   100%        5    ######.
 Dragon Form              Tmut           #.........   100%        7    #######
 Discord                  Hex            #.........   100%        8    #######
 Ignition                 Fire           #.........   100%        8    #######
 Shatter                  Erth           #.........   100%        9    #######
 Tornado                  Air            #.........   100%        9    #######


Dungeon Overview and Level Annotations

Branches:
Dungeon (15/15)            Temple (1/1) D:6            Lair (6/6) D:9
  Swamp (3/4) Lair:2       Spider (1/4) Lair:2        Slime (0/5) Lair:6
    Orc (2/2) D:9             Elf (0/3) Orc:2        Vaults (0/5) D:14
 Depths (0/5) D:15

Altars:
Ashenzari
Elyvilon
Gozag
Hepliaklqana
Makhleb
Nemelex Xobeh
Okawaru
Qazlal
Ru
Sif Muna
Trog

Shops:
D:4 *   D:12 [![   Orc:1 [(:   Orc:2 (?:%

Portals:
Pandemonium: Orc:2

Annotations:
Lair:6 3 runed translucent doors, MolotovDodgeball's ghost, journeyman TrAs


Innate Abilities, Weirdness & Mutations

You reflexively headbutt those who attack you in melee.
You have a pair of horns on your head.


Message History

You block the entropy weaver's attack. The entropy weaver misses you.
You block the wolf spider's attack.
The wolf spider bites you but does no damage.
You slash the entropy weaver!
The entropy weaver is moderately wounded.
The redback bites you but does no damage.
You block the redback's attack.
Unknown command.
Unknown command.
Okay, then.
A red film seems to cover your vision as you go berserk!
You feel yourself moving faster!
You feel mighty! The wolf spider hits you!
* * * LOW HITPOINT WARNING * * *
The wolf spider bites you but does no damage.
An orb spider comes into view.
You block the redback's attack.
The entropy weaver hits you but does no damage. x2
You block the entropy weaver's attack. The entropy weaver closely misses you.
The redback bites you!
You die...

... #.. ### ...## ##..##..
##.## ...#. .......###...# ≈
#....# #....#......## ≈# ....
#..##.#.#...### ≈≈≈ # ...###
#^s.#..#...##.##≈≈# ≈≈ ####...#
##..##s#.......≈≈##≈
#......####.#sa@#..##..s..≈≈≈≈≈
##...#^#sss#ss##^...#.#≈#≈##
#..#.....#≈#ssss##°.##≈≈≈≈#
#.....#..ss##sss.^....##≈≈≈
.....##..††###..##s#s#....≈≈≈##
.##.. ###...###..#sss#########
#..# #...####..s#sss....# #..
#...# #.##ss.s#...## ###
...#...#...s#...##..#


You could see an emperor scorpion, an entropy weaver, a demonic crawler, 4 wolf
spiders, 2 orb spiders, 2 jumping spiders and 12 redbacks.

Vanquished Creatures
  Rupert (Lair:4)
  Kirke (Lair:5)
  A thorn hunter (Swamp:3)
  The ghost of Cykl0x the Cleaver, a journeyman DDFi of Makhleb (D:14)
  Snorg (Lair:4)
  Harold (Lair:1)
  3 ghost crabs
  A rakshasa (D:15)
  2 vault guards
  A shambling mangrove (Swamp:1)
  15 hydras
  A merfolk avatar (Lair:6)
  2 centaur warriors (D:15)
  2 two-headed ogres
  14 alligators
  5 orc high priests (Orc:2)
  2 soul eaters (Orc:2)
  A wizard (D:10)
  A torturous demonspawn (Orc:2)
  5 swamp dragons
  An infernal demonspawn (Orc:2)
  A sea snake (Lair:6)
  7 orc knights
  A gelid demonspawn (Orc:2)
  4 lindwurms (Lair:2)
  A necromancer (D:14)
  A harpy (Lair:6)
  An orb spider (Spider:1)
  16 ugly things
  8 orc sorcerers
  3 deep elf magi
  19 elephants
  A moth of wrath (Spider:1)
  2 cyclopes
  3 manticores
  A wolf spider (Spider:1)
  A black mamba (shapeshifter) (D:14)
  2 rust devils (Orc:2)
  2 molten gargoyles (Lair:3)
  4 black mambas
  A gargoyle (D:14)
  5 centaur skeletons
  12 spiny frogs
  4 rime drakes
  A demonic crawler (Spider:1)
  13 komodo dragons
  A redback zombie (D:15)
  A kobold demonologist (D:11)
  A red devil (Orc:2)
  2 ice devils (D:13)
  A jumping spider (Spider:1)
  A harpy zombie (D:15)
  7 tyrant leeches
  10 trolls
  6 polar bears
  8 hornets
  A harpy skeleton (D:15)
  22 blink frogs
  3 bog bodies
  16 slime creatures
  7 hippogriffs
  12 dream sheep
  6 tarantellas (Spider:1)
  6 redbacks (Spider:1)
  4 wyverns
  41 yaks
  2 shadows (D:14)
  2 wraiths
  4 hogs
  Menkaure (D:7)
  7 basilisks
  4 hungry ghosts
  20 vampire mosquitoes
  8 humans (D:14)
  4 wargs
  8 swamp worms
  An acid dragon (D:13)
  18 insubstantial wisps (Swamp:2)
  5 large abominations (D:10)
  3 water moccasins
  7 porcupines
  7 swamp drakes
  9 sky beasts
  A hornet zombie (D:6)
  35 orc warriors
  2 phantoms
  An eye of draining (D:11)
  A black bear (D:12)
  6 ice beasts
  5 wolves
  18 ogres
  6 centaurs
  11 crocodiles
  5 big kobolds
  12 bullfrogs
  A wyvern zombie (D:11)
  4 scorpions
  3 killer bees (D:8)
  8 wights
  2 electric eels (D:8)
  3 howler monkeys (D:14)
  7 small abominations (D:10)
  8 crimson imps
  2 bullfrog zombies
  5 centaur zombies
  5 lava snakes (Lair:3)
  3 quasits
  3 jellies
  25 orc wizards
  Crazy Yiuf (D:3)
  8 hounds
  24 orc priests
  Jessica (D:3)
  Ijyb (D:3)
  Terence (D:3)
  2 bullfrog skeletons
  3 iguanas
  13 worker ants
  A bullfrog simulacrum (D:8)
  4 gnolls (D:4)
  A howler monkey skeleton (D:10)
  6 adders
  4 shadow imps
  5 white imps (D:8)
  2 ufetubi (D:8)
  An adder zombie (D:7)
  2 oozes
  2 adder skeletons
  A worm (D:2)
  A dart slug (D:2)
  An adder simulacrum (D:8)
  4 leopard geckos
  86 orcs
  5 giant cockroaches
  10 goblins
  7 hobgoblins
  6 jackals
  9 kobolds
  3 quokkas
  4 bats
  6 frilled lizards
  A leopard gecko simulacrum (D:8)
  A leopard gecko zombie (D:6)
  8 rats
  A briar patch (Swamp:3)
  A bush (D:5)
  2 plants (D:5)
863 creatures vanquished.

Vanquished Creatures (others)
  2 vault guards (D:14)
  An alligator (Swamp:3)
  A jelly (D:8)
  5 fungi
  9 plants
18 creatures vanquished.

Grand Total: 881 creatures vanquished

Notes
Turn   | Place    | Note
-------+----------+-------------------------------------------
     0 | D:1      | Peloso the Minotaur Fighter began the quest for the Orb.
     0 | D:1      | Reached XP level 1. HP: 19/19 MP: 0/0
   192 | D:1      | Reached XP level 2. HP: 24/27 MP: 1/1
   481 | D:2      | Reached skill level 4 in Shields
   602 | D:2      | Reached XP level 3. HP: 33/33 MP: 2/2
   924 | D:2      | Noticed an ogre
   929 | D:2      | Killed an ogre
   929 | D:2      | Reached skill level 1 in Dodging
   929 | D:2      | Reached XP level 4. HP: 41/41 MP: 3/3
   929 | D:2      | Reached XP level 5. HP: 47/47 MP: 4/4
  1277 | D:3      | Found a faded altar of an unknown god.
  1394 | D:3      | Reached skill level 5 in Shields
  1405 | D:3      | Noticed Terence
  1415 | D:3      | Noticed Ijyb
  1418 | D:3      | Killed Terence
  1550 | D:2      | Reached skill level 5 in Long Blades
  1616 | D:2      | Reached XP level 6. HP: 31/53 MP: 3/5
  1761 | D:3      | Killed Ijyb
  2120 | D:3      | Noticed Jessica
  2129 | D:3      | Killed Jessica
  2140 | D:3      | Found an opulent altar of Gozag.
  2169 | D:3      | Found a stormy altar of Qazlal.
  2228 | D:3      | Found a runed translucent door.
  2229 | D:3      | Noticed Crazy Yiuf
  2449 | D:3      | Killed Crazy Yiuf
  2583 | D:4      | HP: 2/53 [gnoll/+0 halberd (10)]
  2584 | D:4      | Reached XP level 7. HP: 3/60 MP: 1/6
  2836 | D:4      | Found Azijiry's General Store.
  2848 | D:4      | Bought a scroll of fear for 42 gold pieces
  2848 | D:4      | Bought a potion of curing for 36 gold pieces
  2848 | D:4      | Found a sacrificial altar of Ru.
  2929 | D:4      | Reached skill level 6 in Shields
  2937 | D:4      | Reached skill level 5 in Armour
  3195 | D:5      | Entered Level 5 of the Dungeon
  3196 | D:5      | Identified the Grimoire of Transmigration and Envenoming
  3737 | D:5      | Reached skill level 5 in Fighting
  4148 | D:6      | Reached XP level 8. HP: 53/68 MP: 4/7
  4171 | D:6      | Found a staircase to the Ecumenical Temple.
  4221 | Temple   | Entered the Ecumenical Temple
  4240 | Temple   | Became a worshipper of Warmaster Okawaru
  4268 | D:6      | Reached skill level 7 in Shields
  4567 | D:6      | Found a deep blue altar of Sif Muna.
  4568 | D:6      | Found a sparkling altar of Nemelex Xobeh.
  4615 | D:6      | Reached * piety under Okawaru
  4838 | D:7      | Reached skill level 8 in Shields
  4904 | D:7      | Reached XP level 9. HP: 75/75 MP: 8/8
  4915 | D:7      | Noticed Menkaure
  4921 | D:7      | Killed Menkaure
  5235 | D:7      | Reached ** piety under Okawaru
  5516 | D:7      | Reached skill level 10 in Long Blades
  5570 | D:8      | Noticed a polar bear
  5585 | D:8      | Killed a polar bear
  5585 | D:8      | Reached skill level 1 in Stealth
  5585 | D:8      | Reached skill level 9 in Shields
  6153 | D:8      | Found a white marble altar of Elyvilon.
  6175 | D:8      | Reached *** piety under Okawaru
  6232 | D:8      | Reached XP level 10. HP: 50/86 MP: 6/9
  6830 | D:8      | Got a faintly humming ring mail
  6841 | D:8      | Identified the +5 ring mail of Abstinence {+Fly} (You found
                  | it on level 8 of the Dungeon)
  6972 | D:8      | Reached skill level 10 in Shields
  7104 | D:8      | Reached skill level 1 in Evocations
  7756 | D:9      | Found a staircase to the Lair.
  7819 | D:9      | Reached **** piety under Okawaru
  8014 | D:9      | Found a staircase to the Orcish Mines.
  8201 | D:9      | Identified the Collected Works on the Enthralling Entourage
  8332 | D:9      | Reached skill level 5 in Dodging
  8393 | D:9      | Noticed a two-headed hydra
  8398 | D:9      | Reached XP level 11. HP: 78/95 MP: 8/10
  8399 | D:9      | Killed a one-headed hydra
  8399 | D:9      | Reached ***** piety under Okawaru
  8399 | D:9      | Reached skill level 11 in Shields
  8439 | D:10     | Entered Level 10 of the Dungeon
  8640 | D:10     | Received a gift from Okawaru
  8781 | D:10     | Got a pitted trident
  8782 | D:10     | Identified the +3 trident "Jiughemm" {speed, rElec} (You
                  | found it on level 10 of the Dungeon)
  8832 | D:10     | Noticed a wizard
  8851 | D:10     | Killed a wizard
  8860 | D:10     | Noticed a large abomination
  8950 | D:10     | Noticed a large abomination
  8959 | D:10     | Killed a large abomination
  8976 | D:10     | Killed a large abomination
  9779 | D:11     | Noticed a five-headed hydra
  9800 | D:10     | Killed a one-headed hydra
 10045 | D:11     | Reached skill level 1 in Invocations
 10067 | D:11     | You fall through a shaft for 3 floors!
 10068 | D:14     | Noticed a brown ugly thing
 10068 | D:14     | Noticed a brown ugly thing
 10068 | D:14     | Noticed a brown ugly thing
 10073 | D:14     | Noticed a red ugly thing
 10108 | D:14     | Noticed a red ugly thing
 10108 | D:14     | Noticed a red ugly thing
 10222 | D:12     | Found Keurat's Antique Armour Shoppe.
 10228 | D:12     | Bought a pair of runed boots for 210 gold pieces
 10250 | D:12     | Found Huolie Ciova's Armour Shoppe.
 10844 | D:12     | Found Bushred's Distillery.
 10849 | D:12     | Bought a potion of flight for 30 gold pieces
 10849 | D:12     | Bought a potion of mutation for 80 gold pieces
 10849 | D:12     | Bought a potion of mutation for 80 gold pieces
 10849 | D:12     | Bought 2 potions of berserk rage for 100 gold pieces
 11272 | D:11     | Noticed a six-headed hydra
 11273 | D:11     | Noticed a cyan ugly thing
 11285 | D:11     | Killed a one-headed hydra
 11285 | D:11     | Reached skill level 1 in Axes
 11285 | D:11     | Reached XP level 12. HP: 59/106 MP: 7/11
 11613 | D:11     | Noticed a seven-headed hydra
 11633 | D:11     | Killed a one-headed hydra
 11633 | D:11     | Received a gift from Okawaru
 11633 | D:11     | Reached skill level 12 in Shields
 11957 | Lair:1   | Entered Level 1 of the Lair of Beasts
 12166 | Lair:1   | Noticed Harold
 12208 | Lair:1   | Killed Harold
 12208 | Lair:1   | Reached skill level 10 in Fighting
 13029 | Lair:2   | Found a hole to the Spider Nest.
 13092 | Lair:2   | Reached skill level 13 in Shields
 13688 | Lair:1   | You fall through a shaft!
 13783 | Lair:2   | Noticed a four-headed hydra
 13792 | Lair:2   | Killed a one-headed hydra
 13792 | Lair:2   | Reached skill level 10 in Armour
 13794 | Lair:2   | Noticed an eight-headed hydra
 13807 | Lair:2   | Killed a four-headed hydra
 14038 | Lair:2   | Found a staircase to the Swamp.
 14852 | Lair:3   | You fall through a shaft for 2 floors!
 15017 | Lair:5   | Reached XP level 13. HP: 88/114 MP: 11/13
 15108 | Lair:5   | Noticed Kirke
 15266 | Lair:4   | Received a gift from Okawaru
 15320 | Lair:4   | Noticed Snorg
 15373 | Lair:4   | Killed Snorg
 15970 | Lair:4   | Reached skill level 14 in Shields
 17688 | Lair:6   | Entered Level 6 of the Lair of Beasts
 18049 | Lair:5   | Paralysed by a hornet for 2 turns
 19031 | Lair:6   | Received a gift from Okawaru
 19491 | Lair:6   | Reached XP level 14. HP: 74/126 MP: 9/14
 19982 | Lair:6   | Reached skill level 15 in Shields
 20035 | Lair:6   | Reached skill level 15 in Long Blades
 20455 | Lair:5   | Killed Kirke
 20490 | Lair:6   | Found a staircase to the Slime Pits.
 20595 | Lair:6   | Found a runed translucent gate.
 20596 | Lair:6   | Found a runed translucent gate.
 20596 | Lair:6   | Found a runed translucent gate.
 20598 | Lair:6   | Noticed MolotovDodgeball's ghost (journeyman TrAs)
 21228 | Lair:3   | Noticed Rupert
 21228 | Lair:3   | Paralysed by Rupert for 2 turns
 21240 | Lair:4   | Paralysed by Rupert for 4 turns
 21251 | Lair:4   | Killed Rupert
 22448 | Lair:2   | Reached ****** piety under Okawaru
 22448 | Lair:2   | Received a gift from Okawaru
 22491 | Lair:2   | Got a twitching lapis lazuli ring
 22510 | Lair:2   | Got a twisted long sword
 22511 | Lair:2   | Identified the +7 long sword of Discomfort {drain, rElec}
                  | (You found it on level 2 of the Lair of Beasts)
 22518 | Lair:2   | Identified the ring "Johesagg" {rElec rPois rN+++ Str-4
                  | Dex+6} (You found it on level 2 of the Lair of Beasts)
 23854 | D:14     | Noticed Cykl0x's ghost (journeyman DDFi)
 23855 | D:14     | Found a runed translucent door.
 24008 | D:14     | Reached skill level 16 in Shields
 24584 | D:14     | Received a gift from Okawaru
 24605 | D:14     | Reached XP level 15. HP: 77/136 MP: 1/15
 24618 | D:14     | Got an ancient double sword {god gift}
 24619 | D:14     | Identified the +1 double sword "Plog" {flame, *Drain MP+9
                  | Dex+3 SInv} (Okawaru gifted it to you on level 14 of the
                  | Dungeon)
 25075 | D:14     | Found a gate to the Vaults.
 25201 | D:14     | Killed Cykl0x's ghost
 25244 | D:15     | Entered Level 15 of the Dungeon
 25768 | D:14     | HP: 6/137 [red ugly thing (17)]
 26191 | D:15     | Received a gift from Okawaru
 26796 | D:15     | Reached skill level 17 in Shields
 26972 | D:15     | Found a staircase to the Depths.
 27309 | D:15     | Identified 2 scrolls of acquirement
 27500 | Orc:1    | Entered Level 1 of the Orcish Mines
 27544 | Orc:1    | Found a bloodstained altar of Trog.
 27571 | Orc:1    | Found Wiguf's Antique Armour Boutique.
 27701 | Orc:1    | Found Kubemiz's Weapon Boutique.
 27704 | Orc:1    | Found Bitij's Book Boutique.
 27944 | Orc:2    | Entered Level 2 of the Orcish Mines
 27969 | Orc:2    | Found a staircase to the Elven Halls.
 28352 | Orc:2    | Found a burning altar of Makhleb.
 28501 | Orc:2    | Found Wiablaj's Food Shop.
 28504 | Orc:2    | Received a gift from Okawaru
 28505 | Orc:2    | Found Fyturo's Magic Scroll Boutique.
 28997 | Orc:2    | Got a dazzling plate armour {god gift}
 29140 | Orc:2    | Identified the +1 plate armour "Muorif" {+Blink Int+5}
                  | (Okawaru gifted it to you on level 2 of the Orcish Mines)
 29153 | Orc:2    | Bought a scroll of enchant weapon for 127 gold pieces
 29153 | Orc:2    | Bought a scroll of holy word for 127 gold pieces
 29153 | Orc:2    | Bought a scroll of identify for 34 gold pieces
 30161 | Orc:2    | Found Lied's Antique Weapon Shoppe.
 30161 | Orc:2    | Found Nyigue's Book Emporium.
 30161 | Orc:2    | Found a one-way gate leading to the halls of Pandemonium.
 30219 | Orc:2    | Bought a scroll of blinking for 127 gold pieces
 30444 | Swamp:1  | Entered Level 1 of the Swamp
 30508 | Swamp:1  | Reached skill level 18 in Shields
 30844 | Swamp:1  | Reached XP level 16. HP: 136/147 MP: 17/17
 31781 | Swamp:2  | Received a gift from Okawaru
 32657 | Swamp:3  | Reached skill level 15 in Fighting
 32698 | Swamp:3  | Reached skill level 15 in Armour
 33157 | Swamp:3  | Reached skill level 19 in Shields
 33171 | Swamp:3  | Noticed a thorn hunter
 33559 | Swamp:3  | Killed a thorn hunter
 34121 | Spider:1 | Entered Level 1 of the Spider Nest
 34255 | Spider:1 | HP: 2/223 [wolf spider (16)]
 34255 | Spider:1 | Mangled by a redback

Skill      XL: |  1  2  3  4  5  6  7  8  9 10 11 12 13 14 15 16 |
---------------+-------------------------------------------------+-----
Armour         | 4 5 6 7 8 9 10 12 13 14 15 | 15.3
Shields        | 4 5 6 8 9 10 11 13 14 16 18 19 | 19.2
Fighting       | 4 5 6 7 8 9 10 12 13 14 15 | 15.4
Long Blades    | 4 5 6 7 8 10 12 13 14 15 16 17 | 17.0
Dodging        | 1 2 3 5 7 8 |  8.4
Stealth        | 1 2 |  2.6
Evocations     | 1 |  1.4
Invocations    | 1 2 |  2.8
Axes           | 1 3 4 |  4.8

Action                   |  1- 3 |  4- 6 |  7- 9 | 10-12 | 13-15 | 16-18 || total
-------------------------+-------+-------+-------+-------+-------+-------++-------
Melee: Long sword        |    61 |   117 |   441 |   855 |  1716 |   434 ||  3624
       Headbutt          |     9 |    25 |   127 |   234 |   572 |   160 ||  1127
       Hand axe          |       |       |       |    42 |    22 |    37 ||   101
       Unarmed           |       |       |       |       |     3 |       ||     3
Invok: Heroism           |       |       |     2 |     8 |    13 |       ||    23
       Finesse           |       |       |       |       |     2 |       ||     2
Evoke: Wand              |       |       |     7 |     4 |    15 |       ||    26
  Use: Potion            |     1 |       |     3 |     2 |     7 |     4 ||    17
       Scroll            |       |     2 |    11 |     7 |    14 |     2 ||    36
  Eat: Chunk             |       |     4 |    13 |    21 |    43 |     9 ||    90
       Ration            |       |       |       |     3 |     3 |     1 ||     7
Armor: Scale mail        |    20 |    19 |       |       |       |       ||    39
       Chain mail        |       |    67 |   214 |     2 |       |       ||   283
       Ring mail         |       |       |       |   168 |       |       ||   168
       Plate armour      |       |       |       |    72 |   599 |   295 ||   966
Dodge: Dodged            |    19 |    35 |   125 |   321 |   639 |   239 ||  1378
Block: Shield            |    33 |    93 |   284 |   466 |  1241 |   476 ||  2593
       Rpst.: Long sword |     7 |     6 |    27 |    71 |   146 |    40 ||   297
